 Dungeon Crawl Stone Soup version 0.28.0-53-g5a82cb258f (webtiles) character file.

Game seed: 7195793376946388861

58 ChickenMitten the Chucker (level 4, 45/45 HPs)
             Began as an Ogre Hunter on Aug 6, 2022.
             Was an Initiate of Ru.
             Got out of the dungeon alive.
             The game lasted 00:03:18 (2083 turns).

ChickenMitten the Chucker (Ogre Hunter)             Turns: 2083, Time: 00:03:18

Health: 45/45      AC:  3    Str: 18    XL:     4   Next: 1%
Magic:  4/4        EV: 10    Int: 12    God:    Ru [......]
Gold:   68         SH:  0    Dex:  9    Spells: 3/3 levels left

rFire   . . .      SeeInvis .   a - +0 short sword
rCold   . . .      Faith    .   (no shield)
rNeg    . . .      Spirit   .   b - +0 robe
rPois   .          Reflect  .   (helmet restricted)
rElec   .          Harm     .   (no cloak)
rCorr   .          Rampage  .   (gloves unavailable)
Will    .....                   (boots unavailable)
Stlth   +.........              (no amulet)
HPRegen 0.15/turn               (no ring)
MPRegen 0.09/turn               (no ring)

@: no status effects
A: large, unfitting armour, tough skin 1
a: Renounce Religion, Sacrifice Arcana, Sacrifice Love, Sacrifice Nimbleness,
Reject Sacrifices


You escaped.
You worshipped Ru.
Ru was noncommittal.
You visited 1 branch of the dungeon, and saw 2 of its levels.

You collected 68 gold pieces.

Inventory:

Hand Weapons
 a - a +0 short sword (weapon)
Missiles
 c - 4 large rocks (quivered)
 d - 2 throwing nets
 h - 2 boomerangs
Armour
 b - a +0 robe (worn)
Scrolls
 e - a scroll of immolation {unknown}
 f - a scroll of fog {unknown}
 g - a scroll of teleportation {unknown}
 i - a scroll of magic mapping {unknown}
 j - a scroll of enchant armour {unknown}
 l - 2 scrolls of identify {unknown}
Potions
 k - a potion of attraction {unknown}


   Skills:
 * Level 3.1 Fighting
 * Level 5.0 Throwing
 * Level 2.2 Dodging
 - Level 0.6 Stealth


You had 3 spell levels left.
You didn't know any spells.
Your spell library contained the following spells:

 Spells                   Type           Power      Damage    Failure   Level
 Animate Skeleton         Necr           0%         N/A       32%         1
 Apportation              Tloc           0%         N/A       32%         1
 Summon Small Mammal      Summ           0%         N/A       32%         1
 Summon Guardian Golem    Hex/Summ       0%         N/A       69%         3
 Orb of Destruction       Conj           0%         9d5       100%        7
 Spellforged Servitor     Conj/Summ      0%         N/A       100%        7


Dungeon Overview and Level Annotations

Branches:
Dungeon (2/15)

Altars:
Ru
Vehumet


Innate Abilities, Weirdness & Mutations

You are too large for most types of armour.
You have tough skin. (AC +1)


Message History

The bat is heavily wounded.
The bat closely misses you. The bat hits you.
You hit the bat.
You kill the bat!
You have reached level 4!
Search for what [Enter for "altar", or ? for help]? altar You see here a bat corpse.
There is a faded altar of an unknown god here.
You cannot tell which god this altar belongs to.
Convert to them anyway?
Ru accepts your prayer! Ru welcomes you!
Unknown command.
Press < or > to pray at altars.
(D) Dungeon
Where to? (Enter - D:2 @ (x,y), ? - help)
What level of the Dungeon? (default 1, ? - help)
There is a stone staircase leading down here.
Ru believes you are ready to make a new sacrifice.
(D) Dungeon
Where to? (Enter - D:1, ? - help)
What level of the Dungeon? (default 1, ? - help)
There is a stone staircase leading up here.
You climb upwards.
There is a stone staircase leading down here.
(D) Dungeon
Where to? (Enter - D:1, ? - help)
Okay, then.
Number of times to repeat, then command key: You must enter the number of times for the command to repeat.
You open the door.
There is an open door here.
There is a fountain of clear blue water here.
You enter the shallow water.
Moving in this stuff is going to be slow.
There is a staircase leading out of the dungeon here.
Are you sure you want to leave the Dungeon?
This will make you lose the game!
Alright, then stay!
Are you sure you want to leave the Dungeon?
This will make you lose the game!
You have escaped!

#######.#........................
.......(#.###########..######.##.
.####################### #.##. .#
#≈≈≈≈≈≈≈≈≈≈≈≈≈######.##. .#
###≈≈≈≈≈≈≈≈≈≈≈≈≈#......... .#
##.#≈≈≈≈≈≈≈≈≈≈≈≈≈######.#.# .#
###.##≈≈≈≈≈≈≈≈≈≈≈≈≈# #....
.####..###≈≈≈≈≈...≈≈≈≈≈# ###.#
........##≈≈≈≈..@..≈≈≈≈# #.#
.##....>.#≈≈≈≈≈...≈≈≈≈≈# #.#
.#.......#≈≈≈≈≈≈≈≈≈≈≈≈≈########.#
.........#≈≈≈≈≈≈≈≈≈≈≈≈≈#.........
##.......#≈≈≈≈≈≈≈≈≈≈≈≈≈########..
##.....##≈≈≈≈≈≈≈≈≈≈≈≈≈########..
##...###≈≈≈≈≈≈≈≈≈≈≈≈≈#.........
##..# #≈≈≈≈≈≈≈≈≈≈≈≈≈#######.>#
#..###≈≈≈≈≈≈≈≈≈≈≈≈≈# ###.##


There were no monsters in sight!

Vanquished Creatures
  An adder (D:2)
  A worm (D:2)
  2 endoplasms
  2 giant cockroaches
  4 goblins (D:1)
  6 hobgoblins
  4 jackals (D:1)
  A kobold (D:1)
  2 quokkas (D:1)
  4 ball pythons (D:1)
  7 bats
  7 frilled lizards (D:2)
  3 rats (D:1)
44 creatures vanquished.

Vanquished Creatures (others)
  A plant (D:2)
1 creature vanquished.

Grand Total: 45 creatures vanquished

Notes
Turn   | Place    | Note
-------+----------+-------------------------------------------
     0 | D:1      | ChickenMitten the Ogre Hunter began the quest for the Orb.
     0 | D:1      | Reached XP level 1. HP: 22/22 MP: 1/1
   253 | D:1      | Reached XP level 2. HP: 29/29 MP: 2/2
   852 | D:1      | Reached XP level 3. HP: 36/36 MP: 3/3
  1294 | D:2      | Found a radiant altar of Vehumet.
  1496 | D:2      | Reached skill level 5 in Throwing
  1852 | D:2      | Found a faded altar of an unknown god.
  1965 | D:2      | Reached XP level 4. HP: 42/45 MP: 4/4
  1988 | D:2      | Prayed at the altar of an unknown god.
  1988 | D:2      | Became a worshipper of Ru the Awakened
  2083 | D:$      | Got out of the dungeon alive.

Illustrated notes

Levels and vault maps discovered:
D:1:      zaba_arrival_water, layout_loops_ring, minmay_misc_feat_nine_boxes
D:2:      layout_rooms, basic_altar, ebering_ecumenical_altar_hall,
          minmay_lizard_king

Skill      XL: |  1  2  3 |
---------------+----------+-----
Dodging        | 2 |  2.2
Fighting       | 3 |  3.1
Throwing       | 5 |  5.0
Stealth        | |  0.6

Action                   |  1- 3 |  4- 6 || total
-------------------------+-------+-------++-------
Melee: Short sword       |   137 |       ||   137
       Punch             |     1 |       ||     1
Throw: Large rock        |     8 |       ||     8
 Stab: Sleeping          |     1 |       ||     1
Armor: Robe              |    67 |       ||    67
Dodge: Dodged            |    94 |       ||    94
